 Dungeon Crawl Stone Soup version 0.28.0-53-g5a82cb258f (webtiles) character file.

Game seed: 4606126706089323686

135 Godmorgon the Skirmisher (level 4, -2/41 HPs)
             Began as a Minotaur Fighter on Aug 9, 2022.
             Slain by a gnoll
             ... wielding a +1 antimagic halberd
              (10 damage)
             ... on level 3 of the Dungeon.
             The game lasted 00:05:56 (2186 turns).

Godmorgon the Skirmisher (Minotaur Fighter)         Turns: 2186, Time: 00:05:57

Health: -2/41      AC:  7    Str: 23    XL:     4   Next: 96%
Magic:  0/3        EV:  9    Int:  5    God:
Gold:   90         SH:  4    Dex:  9    Spells: 3/3 levels left

rFire   . . .      SeeInvis .   a - +0 flail
rCold   . . .      Faith    .   c - +0 buckler
rNeg    + . .      Spirit   .   b - +0 scale mail
rPois   .          Reflect  .   (helmet restricted)
rElec   .          Harm     .   (no cloak)
rCorr   .          Rampage  .   (no gloves)
Will    .....                   (no boots)
Stlth   ..........              (no amulet)
HPRegen 0.13/turn               o - ring of positive energy
MPRegen 0.08/turn               (no ring)

@: no status effects
A: horns 2, retaliatory headbutt
a: no special abilities


You were on level 3 of the Dungeon.
You visited 1 branch of the dungeon, and saw 3 of its levels.

You collected 90 gold pieces.

Inventory:

Hand Weapons
 a - a +0 flail (weapon)
Missiles
 k - 3 poisoned darts (quivered)
Armour
 b - a +0 scale mail (worn)
 c - a +0 buckler (worn)
Jewellery
 o - a ring of positive energy (left hand)
Scrolls
 f - 2 scrolls of enchant weapon {unknown}
 i - a scroll of identify {unknown}
 m - a scroll of magic mapping {unknown}
Potions
 d - a potion of might
 e - a potion of berserk rage {unknown}
 g - a potion of lignification {unknown}
 h - a potion of curing {unknown}
 j - a potion of brilliance {unknown}
 l - a potion of resistance {unknown}
 n - a potion of heal wounds {unknown}


   Skills:
 + Level 4.4 Fighting
 * Level 4.4 Maces & Flails
 + Level 4.4 Armour
 + Level 4.4 Shields


You had 3 spell levels left.
You didn't know any spells.
Your spell library was empty.

Dungeon Overview and Level Annotations

Branches:
Dungeon (3/15)

Altars:


Innate Abilities, Weirdness & Mutations

You have a pair of horns on your head.
You reflexively headbutt those who attack you in melee.


Message History

The frilled lizard bites you but does no damage.
You block the frilled lizard's attack.
The frilled lizard bites you but does no damage.
You climb upwards.
There is a stone staircase leading down here.
You hit the gnoll but do no damage. The gnoll hits you with a +0 club.
The frilled lizard bites you. The gnoll hits you with a +0 club.
You closely miss the gnoll. You headbutt the gnoll.
The gnoll is moderately wounded.
The frilled lizard closely misses you. The gnoll hits you but does no damage.
You sock the gnoll!
You kill the gnoll!
The frilled lizard closely misses you.
Things that are here:
a +0 club; a gnoll corpse You thump the frilled lizard!
You kill the frilled lizard!
There is a stone staircase leading down here.
Things that are here:
a +0 club; a gnoll corpse
There is a stone staircase leading down here.
You start resting.
HP restored.
You climb downwards.
The ball python barely misses you. The ball python grabs you.
The ball python constricts you.
The gnoll hits you from afar with a +0 spear.
The gnoll hits you from afar with a +1 antimagic halberd!
You feel your power leaking away.
There is a stone staircase leading up, spattered with blood here.
You sock the ball python!
You kill the ball python!
The gnoll barely misses you.
The gnoll hits you from afar with a +0 spear.
The gnoll hits you with a +1 antimagic halberd!
* * * LOW HITPOINT WARNING * * *
You block the gnoll's attack. The gnoll closely misses you. x2
There is a stone staircase leading up, spattered with blood here.
The gnoll hits you from afar with a +1 antimagic halberd!
You die...

##.######## #..<.......#.##
##.#######....# #.#.#.#.. #.#
#... ..# #.......# #.# #...
... ##.#.#.#.. #.# #..# #.#
#........#.# #.# #..#
#.####..#.#.#...# #.# #..#
#†##............ #.#
#..####.@...........#
####.####...................#
...........######gg..)#...###
.########..# ##....#...###.#
#..# ##.#.........# #..#
###.####.###### #...
#.....##.# ##.##.###l.g..##.#
#........S......#


You could see 2 gnolls.

Vanquished Creatures
  An iguana (D:2)
  4 gnolls (D:2)
  3 adders (D:2)
  2 worms (D:2)
  2 dart slugs
  6 ball pythons
  2 endoplasms (D:2)
  5 goblins
  4 hobgoblins
  2 quokkas
  2 bats (D:1)
  4 frilled lizards
  4 rats
41 creatures vanquished.

Vanquished Creatures (others)
  5 plants (D:2)
5 creatures vanquished.

Grand Total: 46 creatures vanquished

Notes
Turn   | Place    | Note
-------+----------+-------------------------------------------
     0 | D:1      | Godmorgon the Minotaur Fighter began the quest for the Orb.
     0 | D:1      | Reached XP level 1. HP: 19/19 MP: 0/0
   326 | D:1      | Reached XP level 2. HP: 25/27 MP: 1/1
   713 | D:2      | Reached XP level 3. HP: 33/33 MP: 2/2
  1110 | D:2      | Reached XP level 4. HP: 26/40 MP: 3/3
  1884 | D:2      | Found a faded altar of an unknown god.
  2186 | D:3      | Slain by a gnoll

Illustrated notes

Levels and vault maps discovered:
D:1:      wander_arrival_fairy_ring, layout_basic, chequers_avenue
D:2:      layout_basic, shapermc_ecumenical_altar_hornbeckon,
          serial_bayou_lagoon_a
D:3:      layout_loops_ring, serial_park_tiny_pond, glass_columns_b

Skill      XL: |  1  2  3  4 |
---------------+-------------+-----
Maces & Flails | 3 4 |  4.4
Fighting       | 4 |  4.4
Armour         | 4 |  4.4
Shields        | 4 |  4.4

Action                   |  1- 3 |  4- 6 || total
-------------------------+-------+-------++-------
Melee: Flail             |    61 |    47 ||   108
       Headbutt          |     8 |     4 ||    12
Armor: Scale mail        |    20 |    14 ||    34
Dodge: Dodged            |    14 |    18 ||    32
Block: Buckler           |    10 |     3 ||    13
